 Dungeon Crawl Stone Soup version 0.23.1 (webtiles) character file.

Game seed: 0

660 Fang the Skirmisher (level 7, -1/44 HPs)
             Began as a Gargoyle Berserker on Mar 1, 2019.
             Was a Priest of Trog.
             Slain by Sigmund
             ... wielding a +0 scythe
              (5 damage)
             ... on level 5 of the Dungeon on Mar 4, 2019.
             The game lasted 00:05:42 (4055 turns).

Fang the Skirmisher (Gargoyle Berserker)            Turns: 4055, Time: 00:05:42

Health: -1/44      AC: 13    Str: 22    XL:     7   Next: 56%
Magic:  7/7        EV: 11    Int:  8    God:    Trog [***...]
Gold:   202        SH:  0    Dex:  9    Spells: 6/6 levels left

rFire    . . .     SeeInvis .   p - +0 war axe
rCold    . . .     Gourm    .   (no shield)
rNeg     + . .     Faith    .   f - +0 scale mail
rPois    ∞         Spirit   .   r - +0 helmet (curse)
rElec    +         Reflect  .   (no cloak)
rCorr    .         Harm     .   (no gloves)
MR       .....                  (no boots)
Stlth    ..........             (no amulet)
HPRegen  0.14/turn              (no ring)
MPRegen  0.10/turn              (no ring)

@: confused, berserk cooldown, slowed, very slow
A: negative energy resistance 1, electricity resistance, unbreathing,
petrification resistance, rot immunity, AC +4
a: Berserk, Trog's Hand, Renounce Religion


You were on level 5 of the Dungeon.
You worshipped Trog.
Trog was most pleased with you.
You were very hungry.

You visited 1 branch of the dungeon, and saw 5 of its levels.

You collected 202 gold pieces.

Inventory:

Hand Weapons
 p - a +0 war axe (weapon)
Armour
 f - a +0 scale mail (worn)
 r - a cursed +0 helmet (worn)
Jewellery
 k - the ring of Sebbe {+Fly rN+ Dex+5 Slay-3, unknown}
   (You found it on level 4 of the Dungeon)

   [ring of flight]

   It affects your dexterity (+5).
   It affects your accuracy and damage with ranged weapons and melee attacks
   (-3).
   It protects you from negative energy.
   It lets you fly.
Wands
 h - a wand of flame (17)
 q - a wand of polymorph (7)
Scrolls
 a - a scroll of immolation {unknown}
 e - a scroll of noise {unknown}
 g - 6 scrolls of identify {unknown}
 l - 2 scrolls of amnesia {unknown}
 m - 3 scrolls of teleportation {unknown}
 n - a scroll of enchant weapon {unknown}
 o - 4 scrolls of magic mapping {unknown}
 t - a scroll of remove curse {unknown}
Potions
 b - 2 potions of agility {unknown}
 d - 2 potions of brilliance {unknown}
 i - a potion of heal wounds {unknown}
 j - a potion of berserk rage {unknown}
 s - a potion of curing {unknown}
 u - a potion of flight {unknown}
Comestibles
 c - 9 rations


   Skills:
 + Level 5.4 Fighting
 + Level 4.5 Axes
 + Level 4.8 Armour
 + Level 3.6 Dodging


You had 6 spell levels left.
You didn't know any spells.
Your spell library was empty.

Dungeon Overview and Level Annotations

Branches:
Dungeon (5/15)
 Temple: D:4-7

Altars:
Hepliaklqana
Okawaru
Qazlal
Ru
Xom

Shops:
D:4 }

Annotations:
D:5 Sigmund


Innate Abilities, Weirdness & Mutations

You are resistant to torment.
Your stone body is resilient. (AC +4)
You are immune to poison.
You resist negative energy. (rN+)
You are resistant to electric shocks. (rElec)
You can survive without breathing.
You are immune to petrification.
You are immune to rotting.


Message History

You're too confused to attack without stumbling around!
You're too confused to attack without stumbling around!
You're too confused to attack without stumbling around!
You're too confused to attack without stumbling around!
You're too confused to attack without stumbling around!
You're too confused to attack without stumbling around!
You're too confused to attack without stumbling around!
You're too confused to attack without stumbling around!
You're too confused to attack without stumbling around!
You're too confused to attack without stumbling around!
You're too confused to attack without stumbling around!
You're too confused to attack without stumbling around!
You're too confused to attack without stumbling around!
You're too confused to attack without stumbling around!
You're too confused to attack without stumbling around!
You're too confused to attack without stumbling around!
You closely miss Sigmund.
Sigmund is severely wounded.
Sigmund barely misses you. Sigmund hits you with a +0 scythe.
You die...

.####.#...#.#.##...####
.....................>#
.######...#.####.######
.##...#.#.#.# #......#
............# #......#
..<.........# #......#
########....# #.....[#
#....# #......#
#.....##.@....#
#.....###@##### #.....#
#.# #...... ... #.##
#.# ..# ..#


You could see Sigmund.

Vanquished Creatures
  Menkaure (D:5)
  A crimson imp (D:5)
  2 hounds (D:4)
  4 iguanas
  A bullfrog skeleton (D:4)
  A worker ant (D:2)
  An orc wizard (D:4)
  Terence (D:2)
  Robin (D:3)
  4 gnolls (D:4)
  8 adders
  An ooze (D:4)
  An adder skeleton (D:4)
  4 dart slugs
  4 leopard geckos
  11 orcs
  2 giant cockroaches
  13 goblins
  9 hobgoblins
  7 kobolds
  3 quokkas
  A ball python (D:5)
  10 bats
  2 frilled lizards
  A giant cockroach zombie (D:5)
  A leopard gecko skeleton (D:4)
  6 rats
101 creatures vanquished.

Notes
Turn   | Place    | Note
-------+----------+-------------------------------------------
     0 | D:1      | Fang the Gargoyle Berserker began the quest for the Orb.
     0 | D:1      | Reached XP level 1. HP: 14/14 MP: 1/1
   299 | D:1      | Reached XP level 2. HP: 19/19 MP: 2/2
   711 | D:2      | Found a faded altar of an unknown god.
   749 | D:2      | Noticed Terence
   761 | D:2      | Reached XP level 3. HP: 13/24 MP: 3/3
   765 | D:2      | Killed Terence
   765 | D:2      | Reached XP level 4. HP: 16/29 MP: 4/4
  1209 | D:2      | Reached skill level 4 in Fighting
  1238 | D:2      | Found a shimmering altar of Xom.
  1418 | D:2      | Reached ** piety under Trog
  1452 | D:3      | Noticed Robin
  1460 | D:3      | Reached XP level 5. HP: 33/33 MP: 5/5
  1479 | D:3      | Killed Robin
  2036 | D:3      | Found a hazy altar of Hepliaklqana.
  2101 | D:3      | Found a stormy altar of Qazlal.
  2396 | D:3      | Found a sacrificial altar of Ru.
  2522 | D:4      | Reached *** piety under Trog
  2522 | D:4      | Reached XP level 6. HP: 37/39 MP: 6/6
  2890 | D:4      | Got a flickering jade ring
  2984 | D:4      | HP: 1/60 [gnoll/+0 halberd (8)]
  3388 | D:4      | Reached skill level 5 in Fighting
  3555 | D:4      | Reached XP level 7. HP: 21/44 MP: 7/7
  3772 | D:4      | Found Xuzutup's Gadget Shoppe.
  3817 | D:5      | Entered Level 5 of the Dungeon
  3819 | D:5      | Noticed Menkaure
  3825 | D:5      | Killed Menkaure
  3995 | D:5      | Found an iron altar of Okawaru.
  4017 | D:5      | Noticed Sigmund
  4055 | D:5      | Slain by Sigmund

Skill      XL: |  1  2  3  4  5  6 |
---------------+-------------------+-----
Axes           | 3 4 |  4.5
Dodging        | 2 3 |  3.6
Armour         | 3 4 |  4.8
Fighting       | 4 5 |  5.4

Action                   |  1- 3 |  4- 6 |  7- 9 || total
-------------------------+-------+-------+-------++-------
Melee: Hand axe          |    52 |   158 |       ||   210
       War axe           |       |   124 |    66 ||   190
Invok: Berserk           |     1 |     2 |     1 ||     4
  Eat: Chunk             |       |    11 |     2 ||    13
Armor: Animal skin       |     6 |       |       ||     6
       Scale mail        |    29 |   206 |    32 ||   267
Dodge: Dodged            |    34 |   223 |    31 ||   288
